 Dungeon Crawl Stone Soup version 0.30.1 (webtiles) character file.

Game seed: 3603634997210148906

10 7w4c the Caller (level 2, -18/19 HPs)
             Began as a Barachi Summoner on July 11, 2023.
             Killed by an exploding bat (37 damage)
             ... ignited by their inner flame
             ... on level 1 of the Dungeon.
             The game lasted 00:02:26 (480 turns).

7w4c the Caller (Barachi Summoner)                   Turns: 480, Time: 00:02:28

Health: -18/19     AC:  3    Str:  9    XL:     2   Next: 20%
Magic:  4/5        EV: 12    Int: 15    God:
Gold:   35         SH:  0    Dex: 12    Spells: 3/6 levels left

rFire   . . .        e - +0 mace
rCold   . . .        (no shield)
rNeg    . . .        a - +0 robe
rPois   .            (no helmet)
rElec   .            c - +0 cloak
rCorr   .            (no gloves)
SInv    .            (no boots)
Will    .....        (no amulet)
Stlth   ++           (no ring)
HPRegen 0.23/turn    (no ring)
MPRegen 0.09/turn

%: no passive effects
@: slow
A: amphibious, slowness 1, strong legs 1, +LOS
a: Hop


You were on level 1 of the Dungeon.
You visited 1 branch of the dungeon, and saw 1 of its levels.

You collected 35 gold pieces.

Inventory:

Hand Weapons
 e - a +0 mace (weapon)
Armour
 a - a +0 robe (worn)
 c - a +0 cloak (worn)
Scrolls
 f - a scroll of immolation
Potions
 b - a potion of magic
 d - a potion of invisibility {unknown}
 g - 2 potions of attraction {unknown}


   Skills:
 + Level 2.3 Dodging
 + Level 1.7 Stealth
 + Level 2.5 Spellcasting
 + Level 5.1 Summonings


You had 3 spell levels left.
You knew the following spells:

 Your Spells              Type           Power      Damage    Failure   Level
a - Summon Small Mammal   Summ           68%        N/A       2%          1
b - Call Imp              Summ           34%        N/A       3%          2

Your spell library contained the following spells:

 Spells                   Type           Power      Damage    Failure   Level
 Call Canine Familiar     Summ           17%        N/A       8%          3
 Summon Guardian Golem    Hex/Summ       9%         N/A       22%         3
 Summon Lightning Spire   Summ/Air       9%         N/A       58%         4


Dungeon Overview and Level Annotations

Branches:
Dungeon (1/15)

Altars:


Innate Abilities, Weirdness & Mutations

You are amphibious.
You cover ground slowly.
You can hop short distances.
You have an extended range of vision and can be seen from far away.


Message History

You see here a rat corpse.
You now have 35 gold pieces (gained 12).
f - a scroll labelled MOASHR JEBUMM
g - 2 murky dark potions You see here a +0 spear.
A bat comes into view.
A bat is nearby!
Found 5 stones.
The bat closely misses you.
You see here a scroll labelled MOASHR JEBUMM.
The bat hits you but does no damage.
Casting: Summon Small Mammal (safe; 2% risk of failure)
Confirm with . or Enter, or press ? or * to list all spells.
The bat hits you but does no damage. The bat hits you.
Casting: Summon Small Mammal (safe; 2% risk of failure)
Confirm with . or Enter, or press ? or * to list all spells.
The bat hits you but does no damage. The bat misses you.
You see here a scroll labelled MOASHR JEBUMM.
f - 2 scrolls labelled MOASHR JEBUMM (gained 1)
The bat barely misses your quokka.
Your rat bites the bat.
The bat barely misses your quokka. The bat misses your rat.
Your quokka bites the bat but does no damage.
Your rat barely misses the bat.
The bat misses your quokka.
Your quokka barely misses the bat.
Your rat misses the bat. The bat hits your quokka.
The bat closely misses your quokka. The bat barely misses your rat.
Your rat closely misses the bat.
The bat barely misses you.
As you read the scroll labelled MOASHR JEBUMM, it crumbles to dust.
The creatures around you are filled with an inner flame!
It was a scroll of immolation.
The bat barely misses you. The bat barely misses you.
Your quokka misses the bat.
Your rat bites the bat.
The bat explodes!
The fiery explosion engulfs your quokka!!
Your quokka's corpse disappears in a puff of smoke!
The fiery explosion engulfs you!!!
Ouch! That really hurt!
You die...

#......# ###.######
+......+ .........#
#...... ######..
###...... ##.....##
.##....... ######...##.##
.....(.... ..........#...
.........######.#..#..###
#......§r§.......#.#....
#.....@§§......#...#...
#.######§.#######.#####
#..# ##.......##
#..###.........#
#..##...........
##..#............
##..##............
#..#.#......(.....
#..#..)......<.....


You could see a friendly rat (summoned, inner flame).

Vanquished Creatures
  A bat (D:1)
  A quokka (D:1)
2 creatures vanquished.

Vanquished Creatures (collateral kills)
  2 ball pythons (D:1)
  A giant cockroach (D:1)
  A hobgoblin (D:1)
  A quokka (D:1)
  A bat (D:1)
  A rat (D:1)
7 creatures vanquished.

Grand Total: 9 creatures vanquished

Notes
Turn   | Place    | Note
-------+----------+-------------------------------------------
     0 | D:1      | 7w4c the Barachi Summoner began the quest for the Orb.
     0 | D:1      | Reached XP level 1. HP: 13/13 MP: 3/3
   283 | D:1      | Reached skill level 5 in Summonings
   283 | D:1      | Reached XP level 2. HP: 19/19 MP: 5/5
   304 | D:1      | Learned a level 2 spell: Call Imp
   480 | D:1      | Killed by an exploding bat... ignited by their inner flame

Illustrated notes

Levels and vault maps discovered:
D:1:      psy_arrival_dodecagon, layout_basic, minmay_pentomino_w4

Skill      XL: |  1 |
---------------+----+-----
Summonings     | 5 |  5.1
Dodging        | |  2.3
Stealth        | |  1.7
Spellcasting   | |  2.5

Action                     || total
---------------------------++-------
  Melee: Unarmed           ||    10
         Mace              ||     1
         Punch             ||     1
   Cast: Summon Small Mamm ||    16
         Call Imp          ||     1
    Use: Scroll            ||     2
   Stab: Sleeping          ||     1
 Armour: Robe              ||     5
  Dodge: Dodged            ||    15
